 Dungeon Crawl Stone Soup version 0.19.5 (webtiles) character file.

86 qpzil the Changer (level 4, -8/32 HPs)
             Began as a Merfolk Transmuter on Mar 15, 2017.
             Mangled by rozman's ghost (16 damage)
             ... on level 3 of the Dungeon.
             The game lasted 00:11:32 (2896 turns).

qpzil the Changer (Merfolk Transmuter)              Turns: 2896, Time: 00:11:33

Health: -8/32      AC:  2    Str: 10    XL:     4   Next: 50%
Magic:  3/7        EV: 13    Int: 13    God:
Gold:   102        SH:  0    Dex: 14    Spells: 2 memorised, 3 levels left

rFire  . . .     SeeInvis .       - Unarmed
rCold  . . .     Gourm    .     b - +0 robe
rNeg   . . .     Faith    .     (no shield)
rPois  .         Spirit   .     (no helmet)
rElec  .         Reflect  .     (no cloak)
rCorr  .         Harm     .     (no gloves)
MR     .....                    (no boots)
Stlth  +.........               (no amulet)
                                (no ring)
                                (no ring)

@: no status effects
A: change form in water, swift swim, stealthy swim
a: no special abilities


You were on level 3 of the Dungeon.
You were not hungry.

You visited 1 branch of the dungeon, and saw 3 of its levels.

You collected 102 gold pieces.

Inventory:

Missiles
 a - 61 arrows
Armour
 b - a +0 robe (worn)
 q - a +0 leather armour
Jewellery
 l - a +3 ring of protection {unknown}
Scrolls
 e - a scroll of remove curse {unknown}
 h - 2 scrolls of magic mapping {unknown}
 k - 3 scrolls of identify {unknown}
 m - a scroll of fog {unknown}
 n - 2 scrolls of teleportation {unknown}
 o - a scroll of immolation {unknown}
 r - a scroll of enchant weapon {unknown}
Potions
 f - a potion of magic {unknown}
 g - a potion of agility {unknown}
 i - 2 potions of curing {unknown}
 j - 2 potions of flight {unknown}
 p - a potion of ambrosia {unknown}
 t - a potion of heal wounds {unknown}
Books
 c - a book of Changes

   Spells                             Type                      Level
   a - Beastly Appendage              Transmutation                1
   b - Sticks to Snakes               Transmutation                2
   c - Spider Form                    Transmutation/Poison         3
   d - Ice Form                       Ice/Transmutation            4
   e - Blade Hands                    Transmutation                5
Comestibles
 d - a bread ration
 s - a chunk of flesh


   Skills:
 - Level 1.1 Fighting
 - Level 2.6 Dodging
 - Level 4.5 Unarmed Combat
 - Level 2.0 Spellcasting
 + Level 4.8 Transmutations


You had 3 spell levels left.
You knew the following spells:

 Your Spells              Type           Power        Failure   Level  Hunger
a - Beastly Appendage     Tmut           ##....       4%          1    ##.....
b - Spider Form           Tmut/Pois      #.........   34%         3    ####...


Dungeon Overview and Level Annotations

Branches:
Dungeon (3/15)

Altars:
Zin

Annotations:
D:3 rozman's ghost, amateur OgBe


Message History

Your +0 robe melds into your body.
Your transformation is almost over.
Rozman's ghost hits you.
You hit rozman's ghost.
Rozman's ghost is severely damaged.
Rozman's ghost hits you!
* * * LOW HITPOINT WARNING * * *
You closely miss rozman's ghost.
Rozman's ghost is severely damaged.
Rozman's ghost says, "You must not fail where I succeeded!"
Rozman's ghost barely misses you.
You hit rozman's ghost.
Rozman's ghost is severely damaged.
Rozman's ghost closely misses you.
You barely miss rozman's ghost.
Rozman's ghost is severely damaged.
Your transformation has ended.
Your +0 robe unmelds from your body.
Rozman's ghost hits you!
Ouch! That really hurt!
You die...

#.........♣♣♣♣♣..#...#.##.#.....#
#....##..♣♣♣P♣♣♣.#...#.##.#......
####.##......PP♣♣♣.....##.##.##..
#.....♣♣.P♣..♣♣...#.#.....##..
#.###.#♣♣...♣P♣♣..#.####..##<.
#...#.##♣♣P..♣.♣.##..# #...#..
##......♣♣♣♣P♣♣♣.....##♣♣♣♣♣..
#..#.#.# ♣♣♣♣♣..#....♣P..♣♣♣.
#..#.#.# #..@W.........P..P.♣
#......# #.####......♣♣PP...♣
#.##.####♣.♣ #.......♣♣P...♣
#####........).# #.......#♣..P..
......##.#.##♣.♣ #.......#♣.♣♣P♣
......##...# #.# #######..#♣♣♣♣♣
......#######♣.♣#### #.#.....
.............#.....# .......
......#......♣.♣...# ......


You could see rozman's ghost.

Vanquished Creatures
  2 adders (D:2)
  2 dart slugs
  3 leopard geckos
  4 giant cockroaches
  8 goblins
  5 hobgoblins
  5 jackals
  2 ball pythons
  9 bats
  4 frilled lizards
  7 kobolds
  9 rats
60 creatures vanquished.

Notes
Turn   | Place    | Note
-------+----------+-------------------------------------------
     0 | D:1      | qpzil the Merfolk Transmuter began the quest for the Orb.
     0 | D:1      | Reached XP level 1. HP: 15/15 MP: 3/3
   382 | D:1      | Reached XP level 2. HP: 15/21 MP: 3/5
   963 | D:1      | Reached XP level 3. HP: 18/26 MP: 6/6
   968 | D:1      | Learned a level 3 spell: Spider Form
  1864 | D:2      | Reached XP level 4. HP: 20/32 MP: 7/7
  1971 | D:2      | Found a glowing silver altar of Zin.
  2873 | D:3      | Noticed rozman's ghost (amateur OgBe)
  2896 | D:3      | Mangled by rozman's ghost

Skill      XL: |  1  2  3 |
---------------+----------+-----
Unarmed Combat | 4 |  4.5
Transmutations | 4 |  4.8
Fighting       | |  1.1
Dodging        | |  2.6
Spellcasting   | |  2.0

Action                   |  1- 3 |  4- 6 || total
-------------------------+-------+-------++-------
Melee: Unarmed           |   150 |    72 ||   222
       Headbutt          |    11 |     2 ||    13
       Punch             |     4 |     1 ||     5
 Cast: Beastly Appendage |    18 |     5 ||    23
       Spider Form       |     1 |     3 ||     4
  Eat: Chunk             |     2 |     1 ||     3
       Bread ration      |     1 |       ||     1
Armor: Robe              |    34 |     8 ||    42
       Skin              |       |     1 ||     1
Dodge: Dodged            |   105 |    42 ||   147
